 Dungeon Crawl Stone Soup version 0.29-a0-721-g7f417c9bbb (webtiles) character file.

Game seed: 4787527052334534598

851 cojito the Twirler (level 8, -4/66 HPs)
             Began as a Meteoran Wanderer on June 28, 2022.
             Slain by a wyvern zombie (12 damage)
             ... in an ossuary.
             The game lasted 00:06:02 (1594 turns).

cojito the Twirler (Meteoran Wanderer)              Turns: 1594, Time: 00:06:02

Health: -4/66      AC:  5    Str: 12    XL:     8   Next: 45%
Magic:  24/24      EV: 12    Int: 18    God:
Gold:   75         SH:  0    Dex: 13    Spells: 13/15 levels left

rFire   . . .      SeeInvis .   a - +2 quarterstaff
rCold   . . .      Faith    .   (shield currently unavailable)
rNeg    . . .      Spirit   .   e - +0 leather armour
rPois   .          Reflect  .   (no helmet)
rElec   .          Harm     .   (no cloak)
rCorr   .          Rampage  .   b - +0 pair of gloves
Will    +....                   q - +0 pair of boots
Stlth   +.........              o - amulet of regeneration
HPRegen 1.01/turn               n - ring of magical power
MPRegen 0.19/turn               (no ring)

@: glowing
A: sense surroundings 1, otherworldly, glowing, explore regen
a: no special abilities


You were in an ossuary.
You visited 1 branch of the dungeon, and saw 5 of its levels.
You also visited: Sewer and Ossuary.

You collected 75 gold pieces.

Inventory:

Hand Weapons
 a - a +2 quarterstaff (weapon)
Armour
 b - a +0 pair of gloves (worn)
 e - a +0 leather armour (worn)
 i - a +0 ring mail
 q - a +0 pair of boots (worn)
Magical Staves
 r - a staff of death
Jewellery
 n - a ring of magical power (left hand)
 o - an amulet of regeneration (around neck)
Scrolls
 c - a scroll of blinking
 d - a scroll of fear {unknown}
 j - a scroll of magic mapping {unknown}
 k - a scroll of fog {unknown}
 l - a scroll of identify {unknown}
 m - a scroll of teleportation {unknown}
Potions
 f - 5 potions of curing
 g - 2 potions of haste {unknown}
 h - 3 potions of flight
 s - a potion of ambrosia {unknown}


   Skills:
 + Level 3.7 Fighting
 * Level 6.2 Staves
 + Level 3.7 Armour
 + Level 3.8 Dodging
 - Level 1.4 Stealth
 - Level 4.0 Spellcasting
 + Level 3.1 Necromancy
 - Level 4.0 Translocations


You had 13 spell levels left.
You knew the following spells:

 Your Spells              Type           Power      Damage    Failure   Level
a - Apportation           Tloc           36%        N/A       3%          1
b - Necrotize             Necr           56%        1d6       5%          1

Your spell library contained the following spells:

 Spells                   Type           Power      Damage    Failure   Level
 Gell's Gravitas          Tloc           18%        N/A       11%         3
 Vampiric Draining        Necr           14%        2d7       16%         3
 Agony                    Necr           14%        N/A       82%         5


Dungeon Overview and Level Annotations

Branches:
Dungeon (5/15) Zot: 1703    Sewer (visited)         Ossuary (1/1) Zot: 408
 Temple: D:4-7

Altars:


Innate Abilities, Weirdness & Mutations

You passively map a small area around you.
You are easily found by Zot.
You glow in the dark.
You regain HP and MP as you explore.


Message History

A wyvern zombie is nearby!
A wyvern zombie is nearby!
A wyvern zombie is nearby!
You enter the shallow water.
Moving in this stuff is going to be slow.
The wyvern zombie bites you. The wyvern zombie closely misses you.
The wyvern zombie bites you.
You barely miss the wyvern zombie. The wyvern zombie closely misses you.
Your unstable footing causes you to fumble your attack.
The wyvern zombie bites you!
Your unstable footing causes you to fumble your attack.
The wyvern zombie bites you!
You hit the wyvern zombie but do no damage.
The wyvern zombie bites you!
The wyvern zombie bites you but does no damage.
The wyvern zombie bites you but does no damage.
A mummy comes into view.
The wyvern zombie bites you!
The wyvern zombie attacks as you move away!
The wyvern zombie bites you.
* * * LOW HITPOINT WARNING * * *
The wyvern zombie bites you!
* * * LOW HITPOINT WARNING * * *
You are too injured to fight recklessly!
Unknown command.
Unknown command.
You feel much better. The wyvern zombie closely misses you.
You hit the wyvern zombie.
The wyvern zombie is lightly damaged.
The wyvern zombie bites you.
You hit the wyvern zombie.
The wyvern zombie is lightly damaged.
The wyvern zombie misses you. The wyvern zombie bites you!
* * * LOW HITPOINT WARNING * * *
You sock the wyvern zombie!
The wyvern zombie is moderately damaged.
The wyvern zombie bites you!
* * * LOW HITPOINT WARNING * * *
The wyvern zombie bites you!
You die...

* ## # ≈ * #≈#####≈ ≈
* #≈≈≈≈≈# * *
≈*#≈#≈≈≈# ≈ ≈
#≈≈##≈###### #≈
#.#.≈.≈.#.# .#
#≈≈###≈≈≈≈.#.≈M#.≈.#
#*#≈#.'...≈≈@Z≈≈....+
#≈##≈##≈#####≈#####.#
#≈≈≈#.'≈#...#≈# , ,
*##≈≈≈#≈'...#.# , ,
#≈≈#..≈#...#.# ,* +
*≈≈#≈##≈≈#####≈# ≈
#≈≈P.≈'.#,≈≈' , ≈
###≈≈≈#####.#* ≈
#≈...#..∩#.#


You could see a mummy and a wyvern zombie.

Vanquished Creatures
  A kobold brigand (Sewer)
  2 water moccasin zombies (Ossuary)
  A wyvern zombie (Ossuary)
  A scorpion (D:5)
  5 bullfrog zombies (Ossuary)
  7 mummies (Ossuary)
  2 orc wizards (D:5)
  A killer bee zombie (Ossuary)
  2 howler monkey zombies (Ossuary)
  6 adders
  3 gnolls (D:3)
  A river rat (Sewer)
  A dart slug (D:2)
  3 orcs (D:5)
  8 bats
  3 endoplasms
  3 giant cockroaches
  5 goblins
  3 hobgoblins
  6 kobolds
  A quokka (D:1)
  5 ball pythons
  2 frilled lizards
  11 rats
83 creatures vanquished.

Vanquished Creatures (others)
  6 withered plants (Ossuary)
6 creatures vanquished.

Grand Total: 89 creatures vanquished

Notes
Turn   | Place    | Note
-------+----------+-------------------------------------------
     0 | D:1      | cojito the Meteoran Wanderer began the quest for the Orb.
     0 | D:1      | cojito set off with the following items: a +2 quarterstaff,
                  | a +0 pair of gloves, a scroll of blinking, a +0 robe; and
                  | the following spell memorised: Apportation; and the
                  | following spells available to memorise: Gell's Gravitas.
     0 | D:1      | Reached XP level 1. HP: 16/16 MP: 5/5
    85 | D:1      | Reached XP level 2. HP: 23/23 MP: 6/6
   458 | D:2      | Reached skill level 1 in Dodging
   490 | D:2      | Reached XP level 3. HP: 19/28 MP: 8/8
   529 | D:2      | Reached skill level 3 in Staves
   597 | D:2      | Learned a level 1 spell: Necrotize
   645 | D:2      | Reached XP level 4. HP: 22/35 MP: 9/9
   709 | D:2      | Reached skill level 1 in Armour
   974 | D:3      | Reached XP level 5. HP: 24/41 MP: 10/10
  1009 | D:3      | Found a glowing drain.
  1026 | D:3      | Reached skill level 1 in Necromancy
  1063 | Sewer    | Entered a sewer
  1076 | Sewer    | Reached skill level 4 in Staves
  1127 | Sewer    | Noticed a kobold brigand
  1131 | Sewer    | Killed a kobold brigand
  1132 | Sewer    | Reached XP level 6. HP: 50/50 MP: 12/12
  1164 | Sewer    | Found a white marble altar of Elyvilon.
  1295 | D:5      | Entered Level 5 of the Dungeon
  1338 | D:5      | Reached XP level 7. HP: 56/56 MP: 13/13
  1409 | D:5      | Found a sand-covered staircase.
  1418 | Ossuary  | Entered an ossuary
  1448 | Ossuary  | Reached skill level 5 in Staves
  1505 | Ossuary  | Reached XP level 8. HP: 53/63 MP: 15/15
  1536 | Ossuary  | Reached skill level 6 in Staves
  1594 | Ossuary  | Slain by a wyvern zombie

Illustrated notes

Levels and vault maps discovered:
D:1:      amcnicky_arrival_choice, layout_rooms, serial_park_tiny_2,
          minmay_misc_feat_columns
D:2:      layout_rooms
D:3:      layout_rooms, cheibrodos_sewer_entry_sluice, uniq_terence
D:4:      layout_basic, minitemple
D:5:      layout_basic, chequers_ossuary_entry_cave, hangedman_decor_growths
Ossuary:  ossuary_zaba_flooded

Skill      XL: |  1  2  3  4  5  6  7  8 |
---------------+-------------------------+-----
Dodging        | 1 2 3 |  3.8
Staves         | 3 4 5 6 |  6.2
Spellcasting   | 3 4 |  4.0
Armour         | 1 2 3 |  3.7
Translocations | 4 |  4.0
Fighting       | 2 3 |  3.7
Necromancy     | 1 2 3 |  3.1
Stealth        | |  1.4

Action                   |  1- 3 |  4- 6 |  7- 9 || total
-------------------------+-------+-------+-------++-------
Melee: Quarterstaff      |    64 |   100 |   161 ||   325
Evoke: Wand              |       |     5 |       ||     5
  Use: Potion            |       |       |     2 ||     2
Armor: Leather armour    |    28 |    82 |    36 ||   146
Dodge: Dodged            |    29 |    76 |    90 ||   195

Table legend: (Time is in decaauts)
 A = Elapsed time spent in this place.
 B = Non-inter-level travel time spent in this place.
 C = Inter-level travel time spent in this place.
 D = Time resting spent in this place.
 E = Time spent auto-exploring this place.
 F = Levels seen in this place.
 G = Mean time per level.
                   A        B        C        D        E       F      G
               +--------+--------+--------+--------+--------+-----+--------+
         Total |   1655 |   1612 |     43 |      0 |    754 |   7 |  236.4 |
       Dungeon |   1296 |   1253 |     43 |      0 |    630 |   5 |  259.2 |
         Sewer |    168 |    168 |      0 |      0 |    115 |   1 |  168.0 |
       Ossuary |    190 |    190 |      0 |      0 |      8 |   1 |  190.0 |
               +--------+--------+--------+--------+--------+-----+--------+

Top non-repeatable levels by time:
     D:2: 452 daAuts
     D:1: 449 daAuts
     D:3: 258 daAuts
 Ossuary: 190 daAuts
   Sewer: 168 daAuts
     D:5: 124 daAuts
     D:4: 12 daAuts
